 Dungeon Crawl Stone Soup version 0.18.0-1-g0107ab7 (webtiles) character file.

471 st0uf the Ducker (level 6, -2/56 HPs)
             Began as a Minotaur Berserker on May 5, 2016.
             Was a Priest of Trog.
             Slain by st0uf's ghost (5 damage)
             ... on level 4 of the Dungeon.
             The game lasted 00:11:51 (3073 turns).

st0uf the Ducker (Minotaur Berserker)               Turns: 3073, Time: 00:11:52

Health: -2/56      AC: 12    Str: 26    XL:     6   Next: 83%
Magic:  0/5        EV: 12    Int:  4    God:    Trog [***...]
Gold:   102        SH:  0    Dex: 11    Spells: 0 memorised, 5 levels left

rFire  . . .     SeeInvis .     a - +1 falchion
rCold  . . .     Gourm    .     y - +2 scale mail "Erphueczu" {Str+4}
rNeg   . . .     Faith    .     (no shield)
rPois  +         Spirit   +     (helmet restricted)
rElec  .         Dismiss  .     g - +0 cloak
rCorr  .         Reflect  .     (no gloves)
SustAt .         Harm     .     r - +2 pair of boots
MR     .....                    n - amulet of guardian spirit
Stlth  ..........               (no ring)
                                x - ring of poison resistance

@: heavily drained, not resistant to hostile enchantments, extremely unstealthy
A: retaliatory headbutt, horns 2
a: Berserk, Trog's Hand, Burn Spellbooks, Renounce Religion


You were on level 4 of the Dungeon.
You worshipped Trog.
Trog was most pleased with you.
You were not hungry.

You visited 1 branch of the dungeon, and saw 4 of its levels.

You collected 102 gold pieces.

Inventory:

Hand Weapons
 a - a +1 falchion (weapon)
Armour
 b - a +0 animal skin
 g - a +0 cloak (worn)
 r - a +2 pair of boots (worn)
 y - the +2 scale mail "Erphueczu" (worn) {Str+4}
   (You found it on level 4 of the Dungeon)

   It affects your strength (+4).
Jewellery
 n - an amulet of guardian spirit (around neck)
 x - a ring of poison resistance (left hand)
 C - an uncursed ring of wizardry
Scrolls
 d - a scroll of recharging {unknown}
 e - 5 scrolls of identify
 j - 2 scrolls of random uselessness
 q - a scroll of fog
Potions
 h - a potion of ambrosia {unknown}
 i - 3 potions of agility {unknown}
 m - a potion of mutation {unknown}
 p - a potion of lignification {unknown}
 u - a potion of brilliance {unknown}
 v - a potion of resistance {unknown}
 A - a potion of cancellation {unknown}
 B - a potion of flight {unknown}
Books
 l - a book of Necromancy

   Spells                             Type                      Level
   a - Pain                           Necromancy                   1
   b - Animate Skeleton               Necromancy                   1
   c - Vampiric Draining              Necromancy                   3
   d - Regeneration                   Charms/Necromancy            3
   e - Animate Dead                   Necromancy                   4
   f - Control Undead                 Necromancy                   4
   Trog disapproves of the use of such an item.
Comestibles
 c - 2 bread rations
 f - 3 meat rations
 k - 6 fruits
 w - a slice of pizza
 z - 9 chunks of flesh


   Skills:
 + Level 5.2(4.0) Fighting
 + Level 5.8(4.6) Long Blades
 + Level 2.8(1.6) Armour
 + Level 5.9(4.7) Dodging


You had 5 spell levels left.
You didn't know any spells.

Dungeon Overview and Level Annotations

Branches:
Dungeon (4/15)
 Temple: D:4-7

Altars:
Cheibriados
Vehumet

Annotations:
D:4 st0uf's ghost, novice DrBe


Innate Abilities, Weirdness & Mutations

You reflexively headbutt those who attack you in melee.
You have a pair of horns on your head.


Message History

St0uf's ghost is moderately damaged.
St0uf's ghost breathes negative energy at you.
The bolt of negative energy hits you!
You feel drained.
* * * LOW HITPOINT WARNING * * *
You completely miss st0uf's ghost.
St0uf's ghost is moderately damaged.
St0uf's ghost hits you.
* * * LOW HITPOINT WARNING * * *
You hit st0uf's ghost but do no damage. You headbutt st0uf's ghost!
St0uf's ghost is heavily damaged.
St0uf's ghost misses you. You furiously retaliate!
You headbutt st0uf's ghost! You closely miss st0uf's ghost.
Your headbutt misses st0uf's ghost.
St0uf's ghost is heavily damaged.
St0uf's ghost hits you!
* * * LOW HITPOINT WARNING * * *
You barely miss st0uf's ghost.
St0uf's ghost is heavily damaged.
St0uf's ghost breathes negative energy at you.
The bolt of negative energy misses you. St0uf's ghost hits you.
You die...

..... ..... ##### ## ..
#. #.
#.####W#################
#>...!.@................
######...........#######
###########.# # #.# #
#.# # #.# # #.# # #.# #


You could see st0uf's ghost.

Vanquished Creatures
  A giant frog (D:4)
  A water moccasin skeleton (D:4)
  An orc priest (D:4)
  2 hounds
  An orc wizard (D:4)
  A worker ant (D:3)
  Ijyb (D:3)
  4 gnolls (D:3)
  5 adders
  An ooze (D:4)
  4 worms
  A dart slug (D:1)
  6 giant geckos
  18 orcs
  8 bats
  4 giant cockroaches
  5 goblins
  A hobgoblin (D:1)
  A quokka (D:3)
  6 giant newts
  5 kobolds
  A quokka skeleton (D:4)
  3 rats
81 creatures vanquished.

Notes
Turn   | Place    | Note
--------------------------------------------------------------
     0 | D:1      | st0uf the Minotaur Berserker began the quest for the Orb.
     0 | D:1      | Reached XP level 1. HP: 19/19 MP: 0/0
   387 | D:1      | Reached XP level 2. HP: 23/27 MP: 1/1
   778 | D:2      | Reached XP level 3. HP: 26/33 MP: 2/2
   989 | D:2      | Reached ** piety under Trog
  1633 | D:3      | Noticed Ijyb
  1650 | D:3      | Killed Ijyb
  1650 | D:3      | Reached XP level 4. HP: 29/41 MP: 3/3
  1748 | D:3      | Reached skill level 5 in Long Blades
  2058 | D:3      | Reached XP level 5. HP: 40/47 MP: 2/4
  2277 | D:3      | Found a snail-covered altar of Cheibriados.
  2285 | D:3      | Found a radiant altar of Vehumet.
  2447 | D:3      | Reached *** piety under Trog
  2770 | D:4      | Reached skill level 5 in Dodging
  2770 | D:4      | Reached XP level 6. HP: 44/53 MP: 5/5
  2796 | D:4      | Got a faintly glowing scale mail
  2797 | D:4      | Identified the +2 scale mail "Erphueczu" {Str+4} (You found it on level 4 of the Dungeon)
  2818 | D:4      | Noticed st0uf's ghost (novice DrBe)
  2870 | D:4      | Reached skill level 5 in Fighting
  3073 | D:4      | Slain by st0uf's ghost

Skill      XL: |  1  2  3  4  5  6 |
---------------+-------------------+-----
Long Blades    | 4 5 |  5.8
Fighting       | 4 5 |  5.2
Dodging        | 3 4 5 |  5.9
Armour         | |  2.8

Action                   |  1- 3 |  4- 6 || total
-------------------------+-------+-------++-------
Melee: Falchion          |    77 |   141 ||   218
       Headbutt          |    11 |    29 ||    40
  Use: Scroll            |       |     8 ||     8
 Stab: Sleeping          |     1 |       ||     1
  Eat: Chunk             |     2 |     5 ||     7
Armor: Animal skin       |    17 |    19 ||    36
       Scale mail        |       |    13 ||    13
Dodge: Dodged            |    47 |    84 ||   131
